 Dungeon Crawl Stone Soup version 0.30-a0-1074-g5db6f66fbb (console) character file.

Game seed: 9596151103258005985

36 petzl the Sneak (level 3, 0/29 HPs)
             Began as a Formicid Delver on Apr 13, 2023.
             Succumbed to a kobold's poison
             ... in a sewer.
             The game lasted 00:02:21 (410 turns).

petzl the Sneak (Formicid Delver)                    Turns: 410, Time: 00:02:21

Health: 0/29       AC:  3    Str: 16    XL:     3   Next: 57%
Magic:  7/7        EV: 12    Int: 11    God:
Gold:   0          SH:  0    Dex: 15    Spells: 7/7 levels left

rFire   . . .      SeeInvis +    a - +0 mace
rCold   . . .      Faith    .    (no shield)
rNeg    . . .      Spirit   .    b - +0 leather armour
rPois   .          Reflect  .    (helmet unavailable)
rElec   .          Rampage  .    (no cloak)
rCorr   .                        (no gloves)
Will    .....                    (no boots)
Stlth   +++                      (no amulet)
HPRegen 0.24/turn                (no ring)
MPRegen 0.10/turn                (no ring)

@: lethally poisoned (0 -> -5)
A: permanent stasis, dig shafts and tunnels, antennae 3, four strong arms
a: Dig


You were in a sewer.
You visited 1 branch of the dungeon, and saw 1 of its levels.
You also visited: Sewer.

Inventory:

Hand Weapons
 a - a +0 mace (weapon)
Armour
 b - a +0 leather armour (worn)
Wands
 f - a wand of digging (3)
Scrolls
 c - a scroll of fog
 d - a scroll of magic mapping


   Skills:
 - Level 3.2 Fighting
 - Level 2.0 Maces & Flails
 - Level 1.7 Dodging
 - Level 6.0 Stealth
 + Level 2.9 Spellcasting


You had 7 spell levels left.
You didn't know any spells.
Your spell library was empty.

Dungeon Overview and Level Annotations

Branches:
Dungeon (5/15)              Sewer (1/1)
 Temple: D:4-7

Altars:


Innate Abilities, Weirdness & Mutations

You cannot be hasted, slowed, berserked, paralysed or teleported.
You can dig through walls and to a lower floor.
You have a pair of large antennae on your head. (SInv)
Your four strong arms can wield two-handed weapons with a shield.


Message History

The kobold attacks as you move away! The kobold hits you but does no damage.
You feel sick.
You are no longer poisoned.
You hit the kobold.
The kobold is severely wounded.
The kobold closely misses you. The kobold misses you.
The kobold hits you with a +0 dagger.
You barely miss the kobold.
The kobold is severely wounded.
The kobold hits you with a +0 dagger.
You hit the kobold.
The kobold is moderately wounded.
The kobold hits you with a +0 dagger. The kobold completely misses you.
The kobold hits you with a +0 short sword.
* * * LOW HITPOINT WARNING * * *
The kobold throws a stone.
The stone barely misses you.
The kobold throws a stone.
The stone hits you.
* * * LOW HITPOINT WARNING * * *
Why would you want to do that?
Unknown command.
You closely miss the kobold.
The kobold is moderately wounded.
The kobold hits you but does no damage.
You hit the kobold but do no damage.
The kobold is moderately wounded.
The kobold throws a stone.
The stone closely misses you. The kobold hits you but does no damage.
The kobold hits you with a +2 whip of venom.
* * * LOW HITPOINT WARNING * * *
You are lethally poisoned!
Unknown command.
You aren't carrying any potions.
Unknown command.
Unknown command.
Okay, then.
Unknown command.
Unknown command.
As you read the scroll of fear, it crumbles to dust.
You assume a fearsome visage.
The kobold looks frightened! x3
You die...

≈≈≈≈≈≈≈≈≈≈≈≈≈≈≈≈≈#
≈≈≈≈≈≈≈≈≈≈≈≈≈≈.~~#
≈≈≈≈≈≈≈≈≈≈≈≈≈≈.~#
≈≈≈~≈≈≈≈≈≈≈≈.~≈#
.###≈##≈##≈####.##
.............#.~≈#
≈..............≈≈#
............†#.~~#
K#≈###≈~#~####.~≈#
≈≈≈~≈~≈≈~≈~#..~#
≈≈≈≈≈≈≈≈≈≈≈≈#.≈≈#
≈≈≈≈≈≈≈≈≈≈≈≈≈#..≈#
≈≈≈≈≈≈≈≈≈≈≈≈≈#.~≈#
≈≈≈≈≈≈≈≈≈≈≈≈≈#.~≈#
≈≈≈≈≈≈≈≈≈≈≈≈≈#.~≈#
############.~~################
≈≈≈≈≈~#..≈≈≈≈≈~≈~≈≈≈≈≈≈~≈#
≈≈≈≈≈~≈.≈K~~≈~~~~~≈≈~≈..~#
≈≈≈≈≈≈#.KK@..............#
######################.###
#.#...## ##.....# #..∩..#
#..∩..# ##...## #####


You could see 3 kobolds.

Vanquished Creatures
  2 shadow imps (Sewer)
  2 ufetubi (Sewer)
  A bat (Sewer)
  3 giant cockroaches (D:5)
  2 quokkas (D:5)
10 creatures vanquished.

Notes
Turn   | Place    | Note
-------+----------+-------------------------------------------
     0 | D:5      | petzl the Formicid Delver began the quest for the Orb.
     0 | D:5      | Reached XP level 1. HP: 18/18 MP: 1/1
     6 | D:5      | Found a glowing drain.
    32 | D:5      | Reached skill level 1 in Spellcasting
    39 | D:5      | Reached XP level 2. HP: 11/24 MP: 1/4
    89 | Sewer    | Entered a sewer
   137 | Sewer    | Reached XP level 3. HP: 9/29 MP: 4/6
   410 | Sewer    | Succumbed to a kobold's poison

Illustrated notes

Levels and vault maps discovered:
D:5:      layout_basic, minmay_temple_entry_junction, portal_sewer_entry_f
Sewer:    kennysheep_sewer_church

Skill      XL: |  1  2 |
---------------+-------+-----
Spellcasting   | 1 2 |  2.9
Fighting       | |  3.2
Maces & Flails | |  2.0
Dodging        | |  1.7
Stealth        | |  6.0

Action                     || total
---------------------------++-------
  Melee: Mace              ||    61
         Punch             ||     1
Ability: Dig               ||     2
    Use: Scroll            ||     1
   Stab: Distracted        ||     1
         Sleeping          ||     1
 Armour: Leather armour    ||    19
  Dodge: Dodged            ||    53

Table legend: (Time is in decaauts)
 A = Elapsed time spent in this place.
 B = Non-inter-level travel time spent in this place.
 C = Inter-level travel time spent in this place.
 D = Time resting spent in this place.
 E = Time spent auto-exploring this place.
 F = Levels seen in this place.
 G = Mean time per level.
                   A        B        C        D        E       F      G
               +--------+--------+--------+--------+--------+-----+--------+
         Total |    436 |    436 |      0 |    170 |      0 |   2 |  218.0 |
       Dungeon |    100 |    100 |      0 |     39 |      0 |   1 |  100.0 |
         Sewer |    335 |    335 |      0 |    131 |      0 |   1 |  335.0 |
               +--------+--------+--------+--------+--------+-----+--------+

Top non-repeatable levels by time:
   Sewer: 335 daAuts
     D:5: 100 daAuts
